 Dungeon Crawl Stone Soup version 0.28-a0-627-g4e9751bbfc (webtiles) character file.

Game seed: 2354573523430049473

156454 Johnny the Gelid (level 17, -3/146 HPs)
             Began as a Yellow Draconian Ice Elementalist on Oct 8, 2021.
             Was an Elder of Sif Muna.
             Slain by a daeva (5 damage)
             ... on level 2 of the Abyss.
             The game lasted 00:52:06 (41070 turns).

Johnny the Gelid (DrIE)                            Turns: 41070, Time: 00:52:06

Health: -3/146     AC: 17    Str: 10    XL:     17   Next: 10%
Magic:  37/37      EV: 12    Int: 33    God:    Sif Muna [****..]
Gold:   2870       SH:  0    Dex: 14    Spells: 21/48 levels left

rFire   . . .      SeeInvis .   r - +3 trident (protect)
rCold   . . .      Faith    .   B - +0 buckler
rNeg    . . .      Spirit   .   (armour unavailable)
rPois   .          Reflect  .   W - +2 hat
rElec   .          Harm     .   u - +1 cloak {Stlth+}
rCorr   +          Rampage  .   X - +2 pair of gloves {Stlth+}
Will    +....                   P - +0 pair of boots
Stlth   +.........              x - amulet of regeneration
HPRegen 0.00/turn               q - +6 ring of intelligence
MPRegen 0.25/turn               H - +6 ring of intelligence

@: confused, inhibited regen, glowing
A: spit acid, AC +9, unfitting armour, acidic bite, cold-blooded, acid
resistance, inhibited regeneration
a: Breathe Acid, Renounce Religion, Channel Magic, Forget Spell, Divine Exegesis


You were on level 2 of the Abyss.
You worshipped Sif Muna.
Sif Muna was greatly pleased with you.
You visited 4 branches of the dungeon, and saw 26 of its levels.
You visited the Abyss 1 time.
You also visited: Bailey, Ice Cave and Volcano.

You collected 5124 gold pieces.
You spent 2254 gold pieces at shops.

Inventory:

Hand Weapons
 e - a +1 short sword of draining
 r - a +3 trident of protection (weapon)
Missiles
 o - 6 throwing nets
Armour
 u - a +1 cloak of stealth (worn)
 B - a +0 buckler (worn)
 P - a +0 pair of boots (worn)
 W - a +2 hat (worn)
 X - a +2 pair of gloves of stealth (worn)
Magical Staves
 R - a staff of death
Jewellery
 k - a ring of ice
 q - a +6 ring of intelligence (left hand)
 t - the ring of Compassion {Fire Fly rCorr Int+4}
   (You found it in a bailey)

   [ring of fire]

   It enhances your fire magic.
   Int:       It affects your intelligence (+4).
   rF:        It protects you from fire.
   rC:        It makes you vulnerable to cold.
   Fly:       It grants you flight.
   rCorr:     It protects you from acid and corrosion.
 x - an amulet of regeneration (around neck)
 A - a ring of flight
 G - a ring of wizardry
 H - a +6 ring of intelligence (right hand)
 N - a +6 ring of dexterity
 Q - a ring of magical power
 S - the ring "Oset" {*Slow Fly rCorr Dex+2}
   (You took it off a deep elf archer on level 1 of the Elven Halls)

   [ring of resist corrosion]

   Dex:       It affects your dexterity (+2).
   Fly:       It grants you flight.
   rCorr:     It protects you from acid and corrosion.
   *Slow:     It may slow you when you take damage.
Wands
 y - a wand of paralysis (7)
 z - a wand of iceblast (15)
 I - a wand of charming (30)
 M - a wand of flame (16)
Scrolls
 a - 2 scrolls of enchant armour
 d - 10 scrolls of identify
 g - 2 scrolls of immolation
 h - 3 scrolls of teleportation
 i - 2 scrolls of amnesia
 s - a scroll of fog
 v - 7 scrolls of fear
 F - a scroll of brand weapon
 J - 3 scrolls of magic mapping
 L - 2 scrolls of holy word
 U - a scroll of vulnerability
Potions
 b - a potion of might
 f - 5 potions of haste
 j - 2 potions of cancellation
 n - 2 potions of berserk rage
 w - 5 potions of brilliance
 C - 5 potions of lignification
 E - 2 potions of mutation
 K - 3 potions of magic
 V - a potion of degeneration
Miscellaneous
 D - a phial of floods
 T - a condenser vane


   Skills:
 + Level 12.0 Fighting
 - Level 1.7 Dodging
 - Level 1.7 Stealth
 + Level 10.9 Shields
 * Level 16.0 Spellcasting
 + Level 19.7 Ice Magic
 + Level 10.8 Invocations


You had 21 spell levels left.
You knew the following spells:

 Your Spells              Type           Power      Damage    Failure   Level
a - Freeze                Ice            100%       1d11      0%          1
b - Frozen Ramparts       Ice            100%       1d12      0%          3
c - Ozocubu's Armour      Ice            100%       N/A       0%          3
d - Polar Vortex          Ice            51%        N/A       43%         9
e - Ozocubu's Refrigerat  Ice            51%        4d15      1%          7
f - Hailstorm             Conj/Ice       75%        3d15      1%          4

Your spell library contained the following spells:

 Spells                   Type           Power      Damage    Failure   Level
 Animate Skeleton         Necr           52%        N/A       1%          1
 Magic Dart               Conj           100%       1d8       1%          1
 Sting                    Tmut/Pois      100%       1d8       1%          1
 Ensorcelled Hibernation  Hex/Ice        100%       N/A       1%          2
 Ice Form                 Ice/Tmut       75%        N/A       1%          4
 Call Imp                 Summ           26%        N/A       2%          2
 Corpse Rot               Necr/Air       N/A        N/A       2%          2
 Poisonous Vapours        Pois/Air       52%        N/A       2%          2
 Slow                     Hex            26%        N/A       2%          2
 Sublimation of Blood     Necr           13%        N/A       2%          2
 Wereblood                Tmut           26%        N/A       2%          2
 Freezing Cloud           Conj/Ice/Air   31%        6-21      2%          5
 Call Canine Familiar     Summ           26%        N/A       4%          3
 Confusing Touch          Hex            26%        N/A       4%          3
 Dazzling Flash           Conj/Hex       52%        N/A       4%          3
 Ignite Poison            Fire/Tmut/Pois 26%        N/A       4%          3
 Inner Flame              Hex/Fire       26%        N/A       4%          3
 Mephitic Cloud           Conj/Pois/Air  26%        N/A       4%          3
 Summon Guardian Golem    Hex/Summ       26%        N/A       4%          3
 Tukima's Dance           Hex            26%        N/A       4%          3
 Vampiric Draining        Necr           13%        2d7       4%          3
 Simulacrum               Ice/Necr       37%        N/A       4%          6
 Cause Fear               Hex            13%        N/A       16%         4
 Flame Wave               Conj/Fire      26%        3d6       16%         4
 Leda's Liquefaction      Hex/Erth       13%        N/A       16%         4
 Olgreb's Toxic Radiance  Pois           26%        N/A       16%         4
 Sticky Flame             Conj/Fire      26%        2d5       16%         4
 Summon Lightning Spire   Summ/Air       26%        N/A       16%         4
 Agony                    Necr           26%        N/A       38%         5
 Blade Hands              Tmut           13%        N/A       38%         5
 Excruciating Wounds      Necr           13%        N/A       38%         5
 Silence                  Hex/Air        13%        N/A       38%         5
 Summon Forest            Summ/Tloc      13%        N/A       38%         5
 Summon Mana Viper        Hex/Summ       26%        N/A       38%         5
 Yara's Violent Unravell  Hex/Tmut       13%        3d7       38%         5
 Conjure Ball Lightning   Conj/Air       13%        3x3d6     93%         6
 Death Channel            Necr           13%        N/A       93%         6
 Dispersal                Tloc           13%        N/A       93%         6
 Iron Shot                Conj/Erth      13%        9d3       93%         6
 Starburst                Conj/Fire      13%        6d5       93%         6
 Statue Form              Tmut/Erth      17%        N/A       93%         6
 Summon Cactus Giant      Summ           13%        N/A       93%         6
 Haunt                    Necr/Summ      13%        N/A       100%        7
 Malign Gateway           Summ/Tloc      13%        N/A       100%        7
 Summon Hydra             Summ           13%        N/A       100%        7
 Borgnjor's Revivificati  Necr           13%        N/A       100%        8
 Discord                  Hex            13%        N/A       100%        8
 Disjunction              Tloc           13%        N/A       100%        8
 Animate Armour           Summ/Erth      Unusable   N/A       N/A         4

Dungeon Overview and Level Annotations

Branches:
Dungeon (15/15)            Temple (0/1) D:7            Lair (6/6) D:9
  Swamp (0/4) Lair:2       Spider (0/4) Lair:4        Slime (0/5) Lair:6
    Orc (2/2) D:12            Elf (3/3) Orc:2        Vaults (0/5) D:13
 Depths (0/4) D:15         Bailey (visited)           IceCv (visited)
Volcano (visited)

Altars:
Dithmenos
Fedhas
Kikubaaqudgha
Makhleb
Nemelex Xobeh
Qazlal
Ru
Sif Muna
Trog
Xom
Yredelemnul
Beogh
Jiyva

Shops:
D:3 :(*=   Orc:2 :[*(   Elf:3 ?([[(

Annotations:
D:6 1 transporter, Drevant2's ghost, amateur OgHu
D:9 3 runed translucent doors, exclusion: ice statue, Lymetel's ghost, journeyman OpBr
D:14 Rupert
Lair:1 1 runed translucent door, atomjack's ghost, journeyman DjCj
Lair:2 3 runed translucent doors, TimeIsEndless's ghost, journeyman FoFi
Lair:6 1 runed translucent door
Elf:1 2 runed translucent doors


Innate Abilities, Weirdness & Mutations

You can spit globs of acid.
Your golden yellow scales are hard. (AC +9)
You cannot fit into any form of body armour.
You have acidic saliva.
You are cold-blooded and may be slowed by cold attacks.
You are resistant to acid. (rCorr)
You do not regenerate when monsters are visible.


Message History

The flying skull closely misses you. The golden eye blinks at you.
You resist with almost no effort.
The daeva hits you but does no damage. x2
The flying skull closely misses you. The golden eye blinks at you.
You resist with almost no effort.
The daeva hits you but does no damage. x2
You completely miss the flying skull.
The flying skull is severely damaged.
The flying skull hits you!
* * * LOW HITPOINT WARNING * * *
The flying skull hits you.
* * * LOW HITPOINT WARNING * * *
The daeva calls down the wrath of the Shining One upon you.
The Shining One smites you!
* * * LOW HITPOINT WARNING * * *
The golden eye blinks at you.
You are more confused.
The flying skull misses you.
You closely miss the golden eye.
Your tail-slap misses the golden eye.
The golden eye is severely wounded.
The golden eye blinks at you. You resist with almost no effort.
The flying skull hits you but does no damage.
The daeva hits you but does no damage. x2; The flying skull barely misses you.
The golden eye blinks at you. You resist with some effort.
The flying skull closely misses you.
You bump into the metal wall.
The golden eye blinks at you. You resist with some effort.
The flying skull hits you.
* * * LOW HITPOINT WARNING * * *
The golden eye blinks at you. You resist with almost no effort.
You miss the golden eye.
The golden eye is heavily wounded.
The flying skull barely misses you. The golden eye blinks at you.
You resist with almost no effort.
The golden eye blinks!
The daeva hits you but does no damage.
The daeva hits you with a +2 long sword of holy wrath.
You die...

..#... ## ..... #..
###♣ ♣ ♣ # §# .#..#.#
.###.#..##..# ..
....#...##.......#.#.
. #.#............ #.
##.# ...#.#*#...#. #
#. ... #....#..#.
...##... .#
###..#.z###....§ # #
. # ... #GA@.......##
..
##......§#...##....#.
# ........>...#.#.. #
..#....##..##. #.#..
#....###.#.. #.#.# .
# #...# ###..####. .#
# ..# ###. . .. #. .
. . .. .. .


You could see a daeva, a flying skull, a golden eye and a lurking horror.

Vanquished Creatures
  Saint Roka (Orc:2)
  2 deep elf blademasters (Elf:3)
  Louise (Elf:2)
  2 deep elf elementalists (Elf:3)
  3 deep elf demonologists (Elf:3)
  A deep elf annihilator (Elf:3)
  An ettin (Orc:2)
  4 deep elf death magi
  A fire dragon (Lair:6)
  Josephine (D:11)
  2 deep elf high priests (Elf:3)
  A rakshasa (D:13)
  9 hydras
  An ogre mage (D:10)
  Erolcha (Orc:2)
  12 centaur warriors
  4 boulder beetles
  A catoblepas (Lair:6)
  6 two-headed ogres
  Urug (Lair:6)
  3 death yaks (Lair:6)
  14 dancing weapons
  An orc high priest (Orc:2)
  Nergalle (Lair:1)
  9 deep elf knights
  A skeletal warrior (D:15)
  3 large abominations (Abyss:2)
  A spark wasp zombie (D:15)
  14 deep elf archers
  A swamp dragon (Lair:6)
  A necromancer (D:15)
  A phantasmal warrior (D:15)
  2 wizards (D:13)
  6 orc knights
  2 lindwurms (Lair:6)
  36 deep elf pyromancers
  18 deep elf zephyrmancers
  An orb spider (shapeshifter) (Elf:1)
  12 ugly things
  4 orc sorcerers
  A shining eye (D:12)
  2 wolf spiders
  3 manticores
  5 elephants (Lair:6)
  3 black mambas
  8 cyclopes
  An eye of devastation (Abyss:2)
  A stone giant skeleton (D:15)
  3 gargoyles
  A torpor snail (Lair:6)
  5 cane toads
  2 unseen horrors
  Psyche (D:8)
  4 efreet
  13 komodo dragons
  3 rime drakes
  An unseen horror (shapeshifter) (D:15)
  A guardian mummy (D:15)
  A merfolk (D:9)
  16 trolls
  Grinder (D:3)
  A hornet (D:7)
  A dream sheep (shapeshifter) (D:13)
  12 blink frogs
  16 slime creatures
  6 dream sheep (Lair:6)
  3 flying skulls (Abyss:2)
  A centaur simulacrum (D:15)
  5 air elementals
  A shadow (D:12)
  7 wraiths
  6 wyverns
  65 yaks
  7 water elementals
  A spriggan (shapeshifter) (D:13)
  A vampire (D:11)
  An ettin skeleton (D:15)
  7 basilisks
  A yak (shapeshifter) (Elf:1)
  4 fire elementals
  4 small abominations (Abyss:2)
  7 vampire mosquitoes
  4 steam dragons
  Menkaure (D:7)
  2 wargs (Orc:2)
  2 acid dragons
  12 water moccasins
  3 swamp drakes (Lair:6)
  2 ice beasts
  A sky beast (shapeshifter) (Elf:1)
  2 black bears
  37 orc warriors
  3 necrophages
  A sky beast (D:7)
  12 ogres
  15 wolves
  A phantom (D:5)
  9 centaurs
  A kobold brigand (D:9)
  9 bullfrogs
  A gnoll sergeant (D:12)
  2 scorpions
  An earth elemental (Elf:3)
  3 water moccasin skeletons
  8 wights (D:9)
  4 electric eels
  A howler monkey (D:14)
  3 centaur zombies
  A hound (D:5)
  2 bullfrog skeletons (D:6)
  28 orc priests
  An iron imp (Abyss:2)
  Natasha (thrice) (D:2)
  2 hell rats (Lair:2)
  10 iguanas
  33 orc wizards
  A killer bee zombie (D:8)
  A hound skeleton (D:4)
  4 howler monkey zombies
  11 gnolls
  A howler monkey skeleton (D:5)
  11 adders
  5 river rats (Lair:2)
  An ufetubus (D:3)
  4 worms
  4 dart slugs
  106 orcs
  8 endoplasms
  3 giant cockroaches
  8 goblins
  11 hobgoblins
  8 jackals
  6 quokkas
  5 ball pythons
  8 bats
  3 frilled lizards
  14 kobolds
  20 rats
  A bush (Lair:4)
883 creatures vanquished.

Vanquished Creatures (collateral kills)
  A death yak simulacrum (IceCv)
  A cane toad simulacrum (IceCv)
  2 elephant simulacra (IceCv)
  A wolf simulacrum (IceCv)
5 creatures vanquished.

Vanquished Creatures (others)
  A deep elf archer (Elf:1)
  A deep elf zephyrmancer (Elf:1)
  2 water elementals (Elf:1)
  A human (D:7)
  An orc wizard (D:4)
  74 fungi
  119 plants
  9 withered plants (D:15)
208 creatures vanquished.

Grand Total: 1096 creatures vanquished

Notes
Turn   | Place    | Note
-------+----------+-------------------------------------------
     0 | D:1      | Johnny the Draconian Ice Elementalist began the quest for
                  | the Orb.
     0 | D:1      | Reached XP level 1. HP: 14/14 MP: 3/3
    74 | D:1      | Reached skill level 1 in Fighting
    74 | D:1      | Reached XP level 2. HP: 23/23 MP: 0/5
   312 | D:1      | Reached XP level 3. HP: 26/28 MP: 6/6
  1021 | D:2      | Reached XP level 4. HP: 32/36 MP: 1/8
  1057 | D:2      | Learned a level 3 spell: Frozen Ramparts
  1061 | D:2      | Learned a level 3 spell: Ozocubu's Armour
  1110 | D:2      | Noticed Natasha
  1118 | D:2      | Killed Natasha
  1417 | D:2      | Reached XP level 5. HP: 35/44 MP: 3/9
  1418 | D:2      | Noticed Natasha
  1425 | D:2      | Killed Natasha
  1548 | D:2      | Reached skill level 5 in Ice Magic
  1932 | D:2      | Noticed Natasha
  1943 | D:2      | Killed Natasha
  2235 | D:3      | Noticed Grinder
  2237 | D:3      | Paralysed by Grinder for 3 turns
  2340 | D:3      | Found Denaoshra's Book Shoppe.
  2380 | D:3      | Found Hauddukh's Antique Weapon Boutique.
  2526 | D:3      | Found a stormy altar of Qazlal.
  2534 | D:3      | Found Wout's Jewellery Shoppe.
  2694 | D:3      | Found Hosaw's General Store.
  2723 | D:3      | Bought a potion of heal wounds for 65 gold pieces
  2752 | D:4      | Noticed a necrophage
  2757 | D:4      | Reached XP level 6. HP: 51/51 MP: 11/11
  3327 | D:4      | Your scales start taking on a golden yellow colour.
  3327 | D:4      | Reached XP level 7. HP: 57/60 MP: 13/13
  3327 | D:4      | Gained mutation: You are resistant to acid. (rCorr) [Yellow
                  | Draconian growth]
  3393 | D:4      | Reached skill level 6 in Ice Magic
  3747 | D:4      | Identified a scroll of acquirement
  3756 | D:4      | Acquired 682 gold pieces
  3777 | D:3      | Paralysed by Grinder for 4 turns
  3797 | D:3      | Killed Grinder
  3798 | D:3      | Reached skill level 5 in Fighting
  4168 | D:3      | Found a sacrificial altar of Ru.
  4606 | D:3      | Bought Ozocubu's Autobiography for 312 gold pieces
  4666 | D:3      | Bought a scroll of identify for 26 gold pieces
  4666 | D:3      | Bought a scroll of identify for 26 gold pieces
  4695 | D:5      | Entered Level 5 of the Dungeon
  4702 | D:5      | Reached skill level 5 in Spellcasting
  4925 | D:5      | Reached XP level 8. HP: 53/68 MP: 7/15
  4940 | D:5      | Reached skill level 7 in Ice Magic
  5668 | D:5      | Identified the +3 falchion of the Hidden Friends {speed,
                  | +Blink rC+ Stlth+}
  5876 | D:6      | Noticed a two-headed ogre
  5884 | D:6      | Killed a two-headed ogre
  5885 | D:6      | Reached skill level 8 in Ice Magic
  6163 | D:6      | Learned a level 4 spell: Hailstorm
  6171 | D:6      | Learned a level 7 spell: Ozocubu's Refrigeration
  6340 | D:6      | Reached skill level 9 in Ice Magic
  6394 | D:6      | Reached XP level 9. HP: 74/74 MP: 14/18
  7376 | D:6      | Found a transporter.
  7377 | D:6      | Noticed Drevant2's ghost (amateur OgHu)
  7755 | D:3      | Bought a +6 ring of intelligence for 585 gold pieces
  7871 | D:7      | Reached skill level 10 in Ice Magic
  7897 | D:7      | Noticed Menkaure
  8152 | D:7      | Killed Menkaure
  8578 | D:7      | Found a sparkling altar of Nemelex Xobeh.
  8650 | D:7      | You fall into a shaft and drop 3 floors!
  8650 | D:10     | Entered Level 10 of the Dungeon
  8745 | D:10     | Noticed a troll
  8749 | D:10     | Killed a troll
  8750 | D:10     | Reached skill level 11 in Ice Magic
  8920 | D:9      | Found a staircase to the Lair.
  9007 | D:9      | Noticed a two-headed ogre
  9017 | D:9      | Killed a two-headed ogre
  9018 | D:9      | Reached XP level 10. HP: 50/81 MP: 10/22
  9069 | D:9      | Found a flagged portal.
  9079 | Bailey   | Entered a bailey
  9638 | Bailey   | Noticed an orc knight
  9921 | Bailey   | Killed an orc knight
  9922 | Bailey   | Reached skill level 12 in Ice Magic
 10059 | Bailey   | Identified the ring of Compassion {Fire Fly rCorr Int+4}
 10226 | D:9      | Found a runed translucent gate.
 10227 | D:9      | Found a runed translucent gate.
 10228 | D:9      | Found a runed translucent gate.
 10543 | D:9      | HP: 3/76 [poisoned by a wight]
 10545 | D:9      | HP: 1/76 [poisoned by a wight]
 10900 | D:9      | Noticed an ice statue
 11152 | D:9      | Noticed Lymetel's ghost (journeyman OpBr)
 11427 | D:9      | Reached skill level 13 in Ice Magic
 11778 | D:8      | Noticed a two-headed ogre
 11798 | D:8      | Killed a two-headed ogre
 11801 | D:8      | Reached XP level 11. HP: 88/88 MP: 7/24
 12028 | D:8      | Noticed Psyche
 12036 | D:8      | Killed Psyche
 12450 | D:7      | Found a shimmering blue altar of Sif Muna.
 12450 | D:7      | Found a shadowy altar of Dithmenos.
 12451 | D:7      | Found a basalt altar of Yredelemnul.
 12495 | D:7      | Found an ancient bone altar of Kikubaaqudgha.
 12578 | D:7      | Found a staircase to the Ecumenical Temple.
 12756 | D:7      | Became a worshipper of Sif Muna the Loreminder
 12807 | Lair:1   | Entered Level 1 of the Lair of Beasts
 13206 | Lair:1   | Found a runed translucent door.
 13206 | Lair:1   | Found a shimmering altar of Xom.
 13206 | Lair:1   | Noticed atomjack's ghost (journeyman DjCj)
 13206 | Lair:1   | Noticed a +4 long sword of chaos
 13242 | Lair:1   | Noticed Nergalle
 13243 | Lair:1   | Reached skill level 14 in Ice Magic
 13255 | Lair:1   | Noticed a spectral orc warlord
 13256 | Lair:1   | Killed Nergalle
 13257 | Lair:1   | Reached skill level 10 in Spellcasting
 14788 | Lair:1   | Reached skill level 15 in Ice Magic
 15075 | Lair:2   | Reached * piety under Sif Muna
 15141 | Lair:2   | Found a staircase to the Swamp.
 15519 | Lair:2   | Found a runed translucent gate.
 15519 | Lair:2   | Found a runed translucent gate.
 15520 | Lair:2   | Found a runed translucent gate.
 15521 | Lair:2   | Noticed TimeIsEndless's ghost (journeyman FoFi)
 15596 | Lair:2   | Reached skill level 1 in Shields
 15615 | Lair:2   | Reached XP level 12. HP: 87/94 MP: 15/26
 16202 | Lair:2   | Reached ** piety under Sif Muna
 16519 | Lair:3   | Reached skill level 16 in Ice Magic
 16955 | Lair:3   | Noticed a seven-headed hydra
 16962 | Lair:3   | Killed a seven-headed hydra
 16964 | Lair:3   | Acquired 904 gold pieces
 16971 | Lair:3   | Found a burning altar of Makhleb.
 17116 | Lair:3   | Found a dark tunnel.
 17124 | Volcano  | Entered a volcano
 18060 | Lair:4   | Reached skill level 1 in Invocations
 18180 | Lair:4   | Noticed a seven-headed hydra
 18200 | Lair:4   | Killed a seven-headed hydra
 18245 | Lair:4   | Noticed a six-headed hydra
 18400 | Lair:4   | Reached skill level 5 in Shields
 18401 | Lair:4   | Reached XP level 13. HP: 63/102 MP: 8/28
 18565 | Lair:4   | Found a hole to the Spider Nest.
 19318 | Lair:5   | Reached skill level 17 in Ice Magic
 19713 | Lair:5   | Got Guwneepepu's Disquisition on Darkness and Execration
 20298 | Lair:6   | Entered Level 6 of the Lair of Beasts
 20306 | Lair:6   | Reached *** piety under Sif Muna
 20432 | Lair:6   | Found a runed translucent door.
 20433 | Lair:6   | Found a viscous altar of Jiyva.
 20435 | Lair:6   | Found a staircase to the Slime Pits.
 20618 | Lair:6   | Noticed Urug
 20623 | Lair:6   | Killed Urug
 21603 | Lair:6   | Reached **** piety under Sif Muna
 21604 | Lair:6   | Reached skill level 5 in Invocations
 21611 | Lair:6   | Identified the +7 dagger "Qaotoix" {drain, Str+4 Dex+4}
 22409 | Lair:6   | Noticed a fire dragon
 22411 | Lair:6   | Killed a fire dragon
 23559 | D:10     | Gained mutation: You have acidic saliva. [Yellow Draconian
                  | growth]
 23559 | D:10     | Reached XP level 14. HP: 114/114 MP: 22/30
 24057 | D:11     | Reached skill level 18 in Ice Magic
 24166 | D:11     | Found a blossoming altar of Fedhas.
 24660 | D:11     | Noticed Josephine
 24665 | D:11     | Killed Josephine
 25112 | D:12     | Found a staircase to the Orcish Mines.
 25113 | D:12     | Reached ***** piety under Sif Muna
 25375 | D:12     | Found a frozen archway.
 25383 | IceCv    | Entered an ice cave
 25515 | IceCv    | Found a transporter.
 25530 | IceCv    | Got the Tome of the Earthen Escort
 25534 | IceCv    | Found a transporter.
 25645 | D:12     | Received a gift from Sif Muna
 25675 | D:12     | Got Fom Ogol's Compendium of the Wasteland {god gift}
 25976 | D:12     | Found a shadowy altar of Dithmenos.
 26011 | D:12     | Noticed Fannar
 26016 | D:12     | Noticed Fannar
 26016 | D:12     | Fannar changed into Fannar the shining eye
 26019 | D:12     | Killed Fannar the shining eye
 26429 | D:12     | Learned a level 9 spell: Polar Vortex
 26462 | Orc:1    | Entered Level 1 of the Orcish Mines
 27599 | Orc:2    | Entered Level 2 of the Orcish Mines
 27970 | Orc:2    | Noticed Erolcha
 27973 | Orc:2    | Killed Erolcha
 28114 | Orc:2    | Noticed Saint Roka
 28567 | Orc:2    | Received a gift from Sif Muna
 28570 | Orc:2    | Got Sif Muna's Incunabulum of Fiery Stolen Souls {god gift}
 28672 | Orc:2    | Killed Saint Roka
 28765 | Orc:2    | Found Dypp's Antique Armour Shop.
 28868 | Orc:2    | Found Dahicam's Book Shop.
 28875 | Orc:2    | Found Ocvyqyx's General Store.
 28916 | Orc:2    | Found Pysun's Antique Weapon Shop.
 28929 | Orc:2    | Bought a pair of embroidered gloves for 247 gold pieces
 28992 | Orc:2    | Paralysed by an orc sorcerer for 5 turns
 29445 | Orc:2    | Found a staircase to the Elven Halls.
 30548 | D:13     | Reached XP level 15. HP: 124/124 MP: 15/32
 30735 | D:13     | Identified the +2 shortbow of Karma {speed, Dex+5}
 30746 | D:13     | Found a bloodstained altar of Trog.
 31858 | D:13     | Found a gate to the Vaults.
 32849 | D:14     | Reached skill level 10 in Fighting
 32853 | D:14     | Noticed Rupert
 33318 | D:14     | Received a gift from Sif Muna
 33410 | D:14     | Got Sif Muna's Incunabulum of Burning Battle Magic {god
                  | gift}
 33542 | D:15     | Entered Level 15 of the Dungeon
 33836 | D:15     | Reached skill level 19 in Ice Magic
 34321 | D:15     | Found a staircase to the Depths.
 34557 | D:14     | Gained mutation: You do not regenerate when monsters are
                  | visible. [mutagenic glow]
 34980 | Elf:1    | Entered Level 1 of the Elven Halls
 35001 | Elf:1    | Found a runed translucent door.
 35020 | Elf:1    | Paralysed by an air elemental for 1 turns
 35023 | Elf:1    | Paralysed by an air elemental for 1 turns
 35436 | Elf:1    | Paralysed by an air elemental for 1 turns
 35439 | Elf:1    | Paralysed by an air elemental for 1 turns
 35959 | Elf:1    | Found a runed translucent door.
 35962 | Elf:1    | Reached XP level 16. HP: 136/136 MP: 26/34
 36163 | Elf:1    | Found a runed translucent door.
 36796 | Elf:1    | Reached skill level 15 in Spellcasting
 36892 | Elf:1    | Reached skill level 10 in Shields
 37455 | Elf:1    | Identified the +2 halberd of Disharmony {venom, rElec}
 37717 | Elf:1    | Identified the ring "Oset" {*Slow Fly rCorr Dex+2}
 37720 | Elf:1    | Reached skill level 10 in Invocations
 37885 | Elf:1    | Got the Guide on Spatial Execration
 38553 | Elf:2    | Noticed Louise
 38902 | Elf:2    | Killed Louise
 39280 | Elf:3    | Entered Level 3 of the Elven Halls
 39286 | Elf:3    | Found Imikkefatt's Magic Scroll Shop.
 39309 | Elf:3    | Bought a scroll of fear for 45 gold pieces
 39309 | Elf:3    | Bought a scroll of vulnerability for 97 gold pieces
 39309 | Elf:3    | Bought a scroll of fear for 45 gold pieces
 39309 | Elf:3    | Bought a scroll of holy word for 97 gold pieces
 39309 | Elf:3    | Bought a scroll of identify for 26 gold pieces
 39309 | Elf:3    | Bought a scroll of identify for 26 gold pieces
 39309 | Elf:3    | Bought a scroll of teleportation for 39 gold pieces
 39457 | Elf:3    | Found Kuorioz's Antique Weapon Boutique.
 39469 | Elf:3    | Found Innibazu's Antique Armour Boutique.
 39473 | Elf:3    | Bought a glowing hat for 231 gold pieces
 39494 | Elf:3    | Found Fyac's Armour Shoppe.
 39503 | Elf:3    | Bought a +2 pair of gloves of stealth for 387 gold pieces
 39616 | Elf:3    | Found Quric's Antique Weapon Shop.
 39804 | Elf:3    | Noticed a deep elf blademaster
 40021 | Elf:3    | Noticed a deep elf master archer
 40028 | Elf:3    | Noticed a deep elf blademaster
 40033 | Elf:3    | Identified the +6 battleaxe of Qenoatiy {freeze, Will+}
 40033 | Elf:3    | Identified the amulet "Kani" {RegenMP rF+ Int+5 Stlth+}
 40221 | Elf:3    | Killed a deep elf blademaster
 40405 | Elf:3    | Reached XP level 17. HP: 146/146 MP: 5/36
 40549 | Elf:3    | Killed a deep elf blademaster
 40680 | Elf:3    | Cast into level 2 of the Abyss (a deep elf sorcerer)
 40854 | Abyss:2  | Noticed a bone dragon
 40855 | Abyss:2  | Noticed a bone dragon
 41065 | Abyss:2  | HP: 7/146 [daeva/divine providence (10)]
 41069 | Abyss:2  | HP: 2/146 [flying skull (5)]
 41070 | Abyss:2  | Slain by a daeva

Illustrated notes

Levels and vault maps discovered:
D:1:      sevenhm_arrival_forest_fort_large_4, layout_rooms
D:2:      layout_loops_corners, minmay_misc_feat_chi, minmay_fractal_squares_5,
          uniq_natasha
D:3:      layout_basic, amcnicky_altar_gilded, nicolae_qazlal_general_emergency,
          serial_shops, shop, nicolae_shop_competitors_out_of_business,
          shop_fountains, nicolae_shop_temple_entry_statues_fountains,
          grunt_decor_arrowhead, uniq_grinder
D:4:      layout_layer_cave
D:5:      layout_loops_corners, minivault_4
D:6:      layout_loops_cross, gammafunk_ghost_smash
D:7:      layout_cave_pools, gammafunk_temple_overflow_forgotten,
          mainiacjoe_overflow_chevrons, tgw_kikubaaqudgha,
          lemuel_temple_firewalk_a, uniq_menkaure
D:8:      layout_rooms, hangedman_misty_isle, uniq_psyche, uniq_harold
D:9:      layout_cave_pods, lair_entry_dummy, gammafunk_ghost_spectres,
          enter_bailey_2, minivault_16, chequers_arboretum, hangedman_fish_farm
D:10:     layout_loops_ring
D:11:     layout_gridville, fedhas_altar_2, uniq_josephine
D:12:     layout_roguey, erik_orc_2, portal_ice_cave_entry_pillars_1,
          minmay_door_square, nicolae_dithmenos_shadow_blocks, uniq_fannar
D:13:     hangedman_cross_cluster, layout_loops_cross, david_vaults_1
D:14:     layout_roguey, serial_bayou_lagoon_a, uniq_rupert
D:15:     gammafunk_depths_entry_grave, layout_cave_pools, serial_bayou_pond_d,
          minivault_24
Lair:1:   layout_cave_pods, ebering_ghost_xom, grunt_megastairs_4, uniq_nergalle
Lair:2:   layout_cave_pods, minmay_swamp_entry_eels, gammafunk_ghost_necromancy,
          kennysheep_abandoned_house, lemuel_fruit_tree
Lair:3:   layout_misc_corridors, basic_altar, lightli_volcano_entry_magma_tube,
          grunt_megastairs_1
Lair:4:   layout_regular_city, spider_nest_entry_rubble
Lair:5:   layout_layer_cave
Lair:6:   hangedman_lair_in_review, layout_cave_shapes,
          guppyfry_lair_end_dragon, slime_altar_2,
          hangedman_lair_unloving_vines, uniq_urug
Orc:1:    minmay_goldmine, layout_caves
Orc:2:    grunt_orc_cross, layout_diamond_mine, uniq_erolcha
Elf:1:    minmay_the_grid_triangle_9x9_recursive_3_mashed
          [minmay_the_grid_triangle_9x9_checkered,
          minmay_the_grid_triangle_9x9_minimal,
          minmay_the_grid_triangle_9x9_descending_squares,
          minmay_the_grid_triangle_9x9_prize_schism,
          minmay_the_grid_triangle_9x9_zippers_vertical,
          minmay_the_grid_triangle_9x9_thin_v,
          minmay_the_grid_triangle_9x9_cache,
          minmay_the_grid_triangle_9x9_intruding_spiral,
          minmay_the_grid_triangle_9x9_fully_insulated_deathbox],
          layout_loops_corners, evilmike_minifort
Elf:2:    nicolae_elf_blades_splatter_lattice
          [nicolae_blade_entry_floor_patterns], layout_loops_cross,
          enter_trove_5, uniq_louise, uniq_donald
Elf:3:    minmay_elf_hall_circle, layout_geoelf_octagon, serial_shops,
          nicolae_shop_behind_doors, nicolae_shop_stone,
          nicolae_shop_statue_plus, shop, nicolae_square_shop
Abyss:2:  base:
WizLab

Skill      XL: |  1  2  3  4  5  6  7  8  9 10 11 12 13 14 15 16 17 |
---------------+----------------------------------------------------+-----
Fighting       | 1 2 3 4 5 6 7 9 10 11 12 | 12.0
Spellcasting   | 3 4 5 6 8 9 10 11 12 13 14 15 16 | 16.0
Ice Magic      | 5 6 9 11 13 15 16 17 18 19 | 19.7
Shields        | 1 5 6 8 9 10 | 10.9
Invocations    | 2 5 7 9 10 | 10.8
Dodging        | |  1.7
Stealth        | |  1.7

Action                   |  1- 3 |  4- 6 |  7- 9 | 10-12 | 13-15 | 16-18 || total
-------------------------+-------+-------+-------+-------+-------+-------++-------
Melee: Spear             |   106 |   167 |       |       |       |       ||   273
       Tailslap          |    11 |    10 |    29 |    34 |    20 |     5 ||   109
       Short sword       |       |    23 |   225 |       |       |       ||   248
       Trident           |       |       |     9 |   332 |   235 |    62 ||   638
       Bite              |       |       |       |       |    15 |     3 ||    18
 Cast: Freeze            |    11 |    23 |    41 |    59 |    13 |     6 ||   153
       Frozen Ramparts   |       |     9 |    24 |    32 |     4 |     1 ||    70
       Ozocubu's Armour  |       |     2 |    17 |    20 |     7 |     9 ||    55
       Hailstorm         |       |       |       |    31 |     6 |    11 ||    48
       Ozocubu's Refrige |       |       |       |    40 |   308 |   139 ||   487
       Polar Vortex      |       |       |       |       |     4 |     6 ||    10
Invok: Channel Magic     |       |       |       |     1 |     9 |    12 ||    22
 Abil: Breathe Acid      |       |       |    12 |     8 |     6 |     4 ||    30
Evoke: Wand              |       |       |       |     6 |     5 |     1 ||    12
       Phial of floods   |       |       |       |       |     1 |       ||     1
       Condenser vane    |       |       |       |       |       |     1 ||     1
  Use: Potion            |       |     5 |     1 |     1 |       |    16 ||    23
       Scroll            |       |       |    14 |     9 |    11 |    16 ||    50
 Stab: Sleeping          |     2 |    10 |     1 |     6 |     4 |       ||    23
       Distracted        |       |       |       |       |     2 |       ||     2
       Paralysed         |       |       |       |       |       |     2 ||     2
Armor: Skin              |    33 |   122 |   160 |   177 |   224 |    83 ||   799
Dodge: Dodged            |    75 |   169 |   188 |   282 |   231 |    69 ||  1014
Block: Buckler           |       |       |       |     8 |   109 |    41 ||   158

Table legend: (Time is in decaauts)
 A = Elapsed time spent in this place.
 B = Non-inter-level travel time spent in this place.
 C = Inter-level travel time spent in this place.
 D = Time resting spent in this place.
 E = Time spent auto-exploring this place.
 F = Levels seen in this place.
 G = Mean time per level.
                   A        B        C        D        E       F      G
               +--------+--------+--------+--------+--------+-----+--------+
         Total |  41410 |  39983 |   1427 |   9520 |  24442 |  30 | 1380.3 |
       Dungeon |  20339 |  19450 |    889 |   3805 |  12713 |  15 | 1355.9 |
          Lair |   9748 |   9516 |    232 |   1738 |   6545 |   6 | 1624.7 |
  Orcish Mines |   3607 |   3382 |    225 |    573 |   2337 |   2 | 1803.5 |
   Elven Halls |   5743 |   5663 |     80 |   2596 |   2208 |   3 | 1914.3 |
         Abyss |    395 |    395 |      0 |    200 |      0 |   1 |  395.0 |
        Bailey |   1089 |   1089 |      0 |    439 |    450 |   1 | 1089.0 |
      Ice Cave |    166 |    166 |      0 |    121 |      0 |   1 |  166.0 |
       Volcano |    321 |    321 |      0 |     47 |    189 |   1 |  321.0 |
               +--------+--------+--------+--------+--------+-----+--------+

Top non-repeatable levels by time:
   Elf:1: 3776 daAuts
    D:13: 2573 daAuts
  Lair:6: 2342 daAuts
  Lair:1: 2214 daAuts
     D:9: 2049 daAuts
   Orc:2: 1991 daAuts
     D:6: 1689 daAuts
     D:5: 1625 daAuts
   Orc:1: 1616 daAuts
  Lair:2: 1531 daAuts
     D:3: 1452 daAuts
    D:12: 1444 daAuts
     D:2: 1442 daAuts
  Lair:5: 1429 daAuts
   Elf:3: 1409 daAuts
